PCL
ALBUQUERQUE ISOTOPES @ REDWOOD CITY REDWOODS
04/09/2028
 
TOP OF THE 1ST
Albuquerque Isotopes batting - Pitching for Redwood City Redwoods : RHP Nathan Seymour
Pitching: RHP Nathan Seymour
Batting: RHB Gonzalo Gil 0-0: Ball
1-0: Ball
2-0: Called Strike
2-1: Fly out, F7 (Flyball, 7D)
Batting: RHB Juan Vareas 0-0: Ball
1-0: Foul Ball, location: 2F
1-1: Fly out, F3 (Line Drive, 3L)
Batting: LHB Fernando Ortíz 0-0: Foul Ball, location: 2F
0-1: Swinging Strike
0-2: Ball
1-2: Strikes out swinging
Top of the 1st over - 0 run(s), 0 hit(s), 0 error(s), 0 left on base; Albuquerque 0 - Redwood City 0
BOTTOM OF THE 1ST
Redwood City Redwoods batting - Pitching for Albuquerque Isotopes : LHP Sean Perry
Pitching: LHP Sean Perry
Batting: LHB Bill McCraney 0-0: Called Strike
0-1: Foul Ball, location: 2F
0-2: Strikes out looking
Batting: LHB Richard Olvera 0-0: Swinging Strike
0-1: Ball
1-1: Ball
2-1: Foul Ball, location: 2F
2-2: SINGLE (Groundball, 56) (infield hit)
Batting: LHB Keith Green 0-0: Ball
1-0: Called Strike
1-1: Foul Ball, location: 2F
1-2: Strikes out swinging
Batting: RHB Bob Campbell 0-0: Called Strike
0-1: Foul Ball, location: 2F
0-2: SINGLE (Line Drive, 8LS)
Richard Olvera to second
Richard Olvera to third
Batting: LHB Vicente Chávez 0-0: Ball
1-0: Called Strike
1-1: Ball
2-1: Foul Ball, location: 2F
2-2: Ball
3-2: Strikes out looking
Bottom of the 1st over - 0 run(s), 2 hit(s), 0 error(s), 2 left on base; Albuquerque 0 - Redwood City 0
TOP OF THE 2ND
Albuquerque Isotopes batting - Pitching for Redwood City Redwoods : RHP Nathan Seymour
Batting: RHB Will Lott 0-0: Swinging Strike
0-1: Ball
1-1: Foul Ball, location: 2F
1-2: Strikes out swinging, 2-3 out at first.
Batting: RHB Arturo García 0-0: Called Strike
0-1: Ball
1-1: Swinging Strike
1-2: Ball
2-2: Fly out, F6 (Line Drive, 56)
Batting: RHB Raúl Bauza 0-0: Called Strike
0-1: Ball
1-1: Ball
2-1: Called Strike
2-2: Foul Ball, location: 2F
2-2: Ground out 5-3 (Groundball, 56S)
Top of the 2nd over - 0 run(s), 0 hit(s), 0 error(s), 0 left on base; Albuquerque 0 - Redwood City 0
BOTTOM OF THE 2ND
Redwood City Redwoods batting - Pitching for Albuquerque Isotopes : LHP Sean Perry
Batting: RHB Héctor Vázquez 0-0: Bunted foul
0-1: Ball
1-1: Ground out 6-3 (Groundball, 6S)
Batting: RHB Jesús Cuevas 0-0: Called Strike
0-1: Ball
1-1: Called Strike
1-2: Ball
2-2: Ground out 1-3 (Groundball, 15S)
Batting: RHB Gilberto León 0-0: Fly out, F7 (Line Drive, 7)
Bottom of the 2nd over - 0 run(s), 0 hit(s), 0 error(s), 0 left on base; Albuquerque 0 - Redwood City 0
TOP OF THE 3RD
Albuquerque Isotopes batting - Pitching for Redwood City Redwoods : RHP Nathan Seymour
Batting: LHB Pedro Cruz 0-0: Swinging Strike
0-1: Ball
1-1: Ball
2-1: Ball
3-1: Swinging Strike
3-2: Foul Ball, location: 2F
3-2: Strikes out swinging
Batting: RHB Jesse McKnight 0-0: Called Strike
0-1: Ground out 5-3 (Groundball, 56)
Batting: LHB Héctor Cruz 0-0: Ball
1-0: Swinging Strike
1-1: Swinging Strike
1-2: Ball
2-2: Foul Ball, location: 2F
2-2: Strikes out swinging
Top of the 3rd over - 0 run(s), 0 hit(s), 0 error(s), 0 left on base; Albuquerque 0 - Redwood City 0
BOTTOM OF THE 3RD
Redwood City Redwoods batting - Pitching for Albuquerque Isotopes : LHP Sean Perry
Batting: RHB David Strickland 0-0: Foul Ball, location: 2F
0-1: Foul Ball, location: 2F
0-2: Strikes out looking
Batting: LHB Bill McCraney 0-0: Called Strike
0-1: SINGLE (Groundball, 3) (infield hit)
Batting: LHB Richard Olvera 0-0: Ball
1-0: Foul Ball, location: 2F
1-1: Called Strike
1-2: Foul Ball, location: 2F
1-2: Foul Ball, location: 2F
1-2: Strikes out swinging
Batting: LHB Keith Green 0-0: Called Strike
0-1: Ball
1-1: Ball
2-1: Fly out, F8 (Flyball, 8LM)
Bottom of the 3rd over - 0 run(s), 1 hit(s), 0 error(s), 1 left on base; Albuquerque 0 - Redwood City 0
TOP OF THE 4TH
Albuquerque Isotopes batting - Pitching for Redwood City Redwoods : RHP Nathan Seymour
Batting: RHB Gonzalo Gil 0-0: Ball
1-0: Foul Ball, location: 2F
1-1: Ball
2-1: Swinging Strike
2-2: Foul Ball, location: 2F
2-2: Ball
3-2: Strikes out swinging, 2-3 out at first.
Batting: RHB Juan Vareas 0-0: Called Strike
0-1: Foul Ball, location: 2F
0-2: Ball
1-2: Ball
2-2: Fly out, F8 (Flyball, 8LXD)
Batting: LHB Fernando Ortíz 0-0: Swinging Strike
0-1: Foul Ball, location: 2F
0-2: Foul Ball, location: 2F
0-2: Hit by Pitch
Batting: RHB Will Lott 0-0: Ball
1-0: Called Strike
1-1: Ball
2-1: Called Strike
2-2: Foul Ball, location: 2F
2-2: Fielders Choice at 2nd, 6-4 (Groundball, 6)
Top of the 4th over - 0 run(s), 0 hit(s), 0 error(s), 0 left on base; Albuquerque 0 - Redwood City 0
BOTTOM OF THE 4TH
Redwood City Redwoods batting - Pitching for Albuquerque Isotopes : LHP Sean Perry
Batting: RHB Bob Campbell 0-0: Ball
1-0: Ball
2-0: Called Strike
2-1: Ball
3-1: Called Strike
3-2: SINGLE (Groundball, 6MD)
Batting: LHB Vicente Chávez 0-0: Ball
1-0: Called Strike
1-1: Ball
2-1: Fly out, F7 (Flyball, 7D)
Batting: RHB Héctor Vázquez 0-0: Ball
1-0: Called Strike
1-1: Fly out, F4 (Popup, 4)
Batting: RHB Jesús Cuevas 0-0: Ball
1-0: Fielders Choice at 2nd, 4-6 (Groundball, 4)
Bottom of the 4th over - 0 run(s), 1 hit(s), 0 error(s), 0 left on base; Albuquerque 0 - Redwood City 0
TOP OF THE 5TH
Albuquerque Isotopes batting - Pitching for Redwood City Redwoods : RHP Nathan Seymour
Batting: RHB Arturo García 0-0: Called Strike
0-1: Ball
1-1: Foul Ball, location: 2F
1-2: Ball
2-2: Foul Ball, location: 2F
2-2: Ball
3-2: SINGLE (Line Drive, 56D)
Batting: RHB Raúl Bauza 0-0: Ball
1-0: Ball
2-0: Ball
3-0: Called Strike
3-1: Base on Balls
Arturo García to second
Batting: LHB Pedro Cruz 0-0: Ball
1-0: Ball
2-0: Called Strike
2-1: Ball
3-1: Base on Balls
Arturo García to third
Raúl Bauza to second
Batting: RHB Jesse McKnight 0-0: Called Strike
0-1: Ball
1-1: Swinging Strike
1-2: Ball
2-2: Strikes out swinging
Batting: LHB Héctor Cruz 0-0: Called Strike
0-1: Called Strike
0-2: Foul Ball, location: 2F
0-2: Ball
1-2: Foul Ball, location: 2F
1-2: Foul Ball, location: 2F
1-2: Foul Ball, location: 2F
1-2: SINGLE (Line Drive, 9LS)
Arturo García scores
Raúl Bauza to third
Pedro Cruz to second
Batting: RHB Gonzalo Gil 0-0: Called Strike
0-1: SINGLE (Line Drive, 4MD)
Raúl Bauza scores
Pedro Cruz to third
Héctor Cruz to second
Runner from 3rd tries for Home, SAFE, no throw
Batting: RHB Juan Vareas 0-0: SINGLE (Groundball, 56D)
Héctor Cruz to third
Gonzalo Gil to second
Runner from 3rd tries for Home, SAFE, throw made home
Gonzalo Gil to third
Juan Vareas to second
Batting: LHB Fernando Ortíz 0-0: Called Strike
0-1: Ball
1-1: Swinging Strike
1-2: Strikes out swinging
Pitching: LHP Sam McMillan
Batting: RHB Will Lott 0-0: Ball
1-0: 3-RUN HOME RUN (Flyball, 7LD), Distance : 336 ft
Batting: RHB Arturo García 0-0: Ball
1-0: Fly out, F5 (Line Drive, 56)
Top of the 5th over - 7 run(s), 5 hit(s), 0 error(s), 0 left on base; Albuquerque 7 - Redwood City 0
BOTTOM OF THE 5TH
Redwood City Redwoods batting - Pitching for Albuquerque Isotopes : LHP Sean Perry
Batting: RHB Gilberto León 0-0: Swinging Strike
0-1: Ball
1-1: Fly out, F9 (Flyball, 9)
Batting: RHB David Strickland 0-0: Foul Ball, location: 2F
0-1: Foul Ball, location: 2F
0-2: Ball
1-2: Ground out 4-3 (Groundball, 4)
Batting: LHB Bill McCraney 0-0: Foul Ball, location: 2F
0-1: Called Strike
0-2: Strikes out looking
Bottom of the 5th over - 0 run(s), 0 hit(s), 0 error(s), 0 left on base; Albuquerque 7 - Redwood City 0
TOP OF THE 6TH
Albuquerque Isotopes batting - Pitching for Redwood City Redwoods : LHP Sam McMillan
Batting: RHB Raúl Bauza 0-0: Ball
1-0: Ball
2-0: Ball
3-0: Base on Balls
Batting: LHB Pedro Cruz 0-0: Ball
1-0: Foul Ball, location: 2F
1-1: Fly out, F7 (Line Drive, 7LS)
Batting: RHB Jesse McKnight 0-0: Ball
1-0: Ball
2-0: Ball
3-0: Called Strike
3-1: Swinging Strike
3-2: Base on Balls
Raúl Bauza to second
Batting: LHB Héctor Cruz 0-0: Ball
1-0: Grounds into double play, 5-4-3 (Groundball, 56)
Top of the 6th over - 0 run(s), 0 hit(s), 0 error(s), 1 left on base; Albuquerque 7 - Redwood City 0
BOTTOM OF THE 6TH
Redwood City Redwoods batting - Pitching for Albuquerque Isotopes : LHP Sean Perry
Batting: LHB Richard Olvera 0-0: Swinging Strike
0-1: Ball
1-1: Fly out, F8 (Line Drive, 8LXD)
Batting: LHB Keith Green 0-0: Ball
1-0: Foul Ball, location: 2F
1-1: SINGLE (Groundball, 56D)
Batting: RHB Bob Campbell 0-0: Ball
1-0: Ball
2-0: Called Strike
2-1: Grounds into double play, 6-4-3 (Groundball, 6)
Bottom of the 6th over - 0 run(s), 1 hit(s), 0 error(s), 0 left on base; Albuquerque 7 - Redwood City 0
TOP OF THE 7TH
Albuquerque Isotopes batting - Pitching for Redwood City Redwoods : LHP Sam McMillan
Batting: RHB Gonzalo Gil 0-0: Ground out 4-3 (Groundball, 4)
Batting: RHB Juan Vareas 0-0: Ball
1-0: Ball
2-0: Ground out 1-3 (Groundball, 13S)
Batting: LHB Fernando Ortíz 0-0: Ball
1-0: Ball
2-0: Foul Ball, location: 2F
2-1: Foul Ball, location: 2F
2-2: Ball
3-2: Strikes out looking
Top of the 7th over - 0 run(s), 0 hit(s), 0 error(s), 0 left on base; Albuquerque 7 - Redwood City 0
BOTTOM OF THE 7TH
Redwood City Redwoods batting - Pitching for Albuquerque Isotopes : LHP Sean Perry
Batting: LHB Vicente Chávez 0-0: Ball
1-0: SOLO HOME RUN (Flyball, 9LD), Distance : 339 ft
Batting: RHB Héctor Vázquez 0-0: Foul Ball, location: 2F
0-1: Fly out, F6 (Popup, 56D)
Batting: RHB Jesús Cuevas 0-0: Fly out, F8 (Flyball, 8LM)
Batting: RHB Gilberto León 0-0: SINGLE (Groundball, 4MD)
Batting: RHB David Strickland 0-0: Fielders Choice at 2nd, 4-6 (Groundball, 4)
Bottom of the 7th over - 1 run(s), 2 hit(s), 0 error(s), 0 left on base; Albuquerque 7 - Redwood City 1
TOP OF THE 8TH
Albuquerque Isotopes batting - Pitching for Redwood City Redwoods : LHP Sam McMillan
Batting: RHB Will Lott 0-0: Ground out 5-3 (Groundball, 56S)
Batting: RHB Arturo García 0-0: Ball
1-0: Ball
2-0: Ball
3-0: Called Strike
3-1: Base on Balls
Batting: RHB Raúl Bauza 0-0: DOUBLE (Line Drive, 7LM)
Arturo García to third
Runner from 3rd tries for Home, throw and OUT!
Raúl Bauza to third
Batting: LHB Pedro Cruz 0-0: Called Strike
0-1: Foul Ball, location: 2F
0-2: Strikes out swinging
Top of the 8th over - 0 run(s), 1 hit(s), 0 error(s), 1 left on base; Albuquerque 7 - Redwood City 1
BOTTOM OF THE 8TH
Redwood City Redwoods batting - Pitching for Albuquerque Isotopes : LHP Sean Perry
Now at SS: Luis Martínez
Batting: LHB Bill McCraney 0-0: Called Strike
0-1: Called Strike
0-2: Ball
1-2: SINGLE (Line Drive, 8RS)
Batting: LHB Richard Olvera 0-0: Ball
1-0: Ball
2-0: Fly out, F9 (Flyball, 89S)
Batting: LHB Keith Green 0-0: Ball
1-0: Ball
2-0: Foul Ball, location: 2F
2-1: Ball
3-1: Base on Balls
Bill McCraney to second
Pitching: RHP Mike Frank
Batting: RHB Bob Campbell 0-0: DOUBLE (Line Drive, 78D)
Bill McCraney scores
Keith Green to third
Batting: LHB Vicente Chávez 0-0: Called Strike
0-1: Swinging Strike
0-2: Ball
1-2: Ground out U3 (Groundball, 3L)
Batting: RHB Héctor Vázquez 0-0: Ball
1-0: Ball
2-0: Ball
3-0: Called Strike
3-1: Foul Ball, location: 2F
3-2: Strikes out swinging
Bottom of the 8th over - 1 run(s), 2 hit(s), 0 error(s), 2 left on base; Albuquerque 7 - Redwood City 2
TOP OF THE 9TH
Albuquerque Isotopes batting - Pitching for Redwood City Redwoods : LHP Sam McMillan
Pitching: RHP Gil Paling
Batting: RHB Jesse McKnight 0-0: Called Strike
0-1: Ball
1-1: Ball
2-1: DOUBLE (Line Drive, 7D)
Batting: LHB Héctor Cruz 0-0: Ball
1-0: Ball
2-0: Ball
3-0: Called Strike
3-1: SINGLE (Groundball, 56D)
Jesse McKnight to third
Runner from 3rd tries for Home, SAFE, throw made home
Batting: RHB Gonzalo Gil 0-0: Called Strike
0-1: Ball
1-1: Ground out 5-3 (Groundball, 2L)
Héctor Cruz to second
Batting: RHB Juan Vareas 0-0: Ball
1-0: Called Strike
1-1: Ball
2-1: Ball
3-1: Base on Balls
Batting: LHB Fernando Ortíz 0-0: Called Strike
0-1: Ball
1-1: Swinging Strike
1-2: Strikes out swinging
Batting: RHB Will Lott 0-0: Ball
1-0: Ball
2-0: Ball
3-0: Called Strike
3-1: Called Strike
3-2: Foul Ball, location: 2F
3-2: Strikes out looking
Top of the 9th over - 1 run(s), 2 hit(s), 0 error(s), 2 left on base; Albuquerque 8 - Redwood City 2
BOTTOM OF THE 9TH
Redwood City Redwoods batting - Pitching for Albuquerque Isotopes : RHP Mike Frank
Batting: RHB Jesús Cuevas 0-0: Called Strike
0-1: Called Strike
0-2: Foul Ball, location: 2F
0-2: Ball
1-2: Ball
2-2: Strikes out swinging
Batting: RHB Gilberto León 0-0: Ball
1-0: SINGLE (Flyball, 9LS)
Pitching: LHP Austin Wall
Batting: RHB David Strickland 0-0: Grounds into double play, 6-4-3 (Groundball, 6D)
Bottom of the 9th over - 0 run(s), 1 hit(s), 0 error(s), 0 left on base; Albuquerque 8 - Redwood City 2
Tuesday, August 8th, 2017 - OOTP Baseball 17.12 Build 75